 Dungeon Crawl Stone Soup version 0.26.1-11-gd32895ea62 (webtiles) character file.

Game seed: 17486691724941932608

42 Almogavar the Sneak (level 3, 0/31 HPs)
             Began as a Gnoll Wanderer on May 9, 2021.
             Slain by an adder (3 damage)
             ... on level 1 of the Dungeon.
             The game lasted 00:04:52 (1255 turns).

Almogavar the Sneak (Gnoll Wanderer)                Turns: 1255, Time: 00:04:52

Health: 0/31       AC:  3    Str: 13    XL:     3   Next: 56%
Magic:  4/4        EV:  7    Int: 17    God:
Gold:   46         SH:  0    Dex: 13    Spells: 3/3 levels left

rFire    . . .     SeeInvis .   d - +0 spear
rCold    . . .     Faith    .   (no shield)
rNeg     . . .     Spirit   .   e - +0 robe
rPois    .         Reflect  .   (no helmet)
rElec    .         Harm     .   (no cloak)
rCorr    .         Rampage  .   f - +0 pair of gloves (curse)
Will     .....                  (no boots)
Stlth    ++++......             (no amulet)
HPRegen  0.10/turn              c - -4 ring of evasion (curse)
MPRegen  0.09/turn              (no ring)

@: no status effects
A: distributed training, fangs 1, strong nose
a: no special abilities


You were on level 1 of the Dungeon.
You visited 1 branch of the dungeon, and saw 2 of its levels.

You collected 46 gold pieces.

Inventory:

Hand Weapons
 a - a +2 dagger
 d - a +0 spear (weapon)
Missiles
 h - 38 stones (quivered)
 k - 29 arrows
 q - 11 sling bullets
Armour
 e - a +0 robe (worn)
 f - a cursed +0 pair of gloves (worn)
 n - a +0 ring mail
Jewellery
 c - a cursed -4 ring of evasion (left hand)
Scrolls
 b - a scroll of fear
 l - a scroll of enchant weapon
Potions
 g - a potion of berserk rage {unknown}
 i - a potion of degeneration {unknown}
 j - 2 potions of attraction {unknown}
 m - a potion of heal wounds {unknown}
 p - a potion of haste {unknown}


   Skills:
 + Level 4.5 Fighting
 + Level 2.6 Short Blades
 + Level 0.8 Long Blades
 + Level 0.8 Axes
 + Level 0.8 Maces & Flails
 + Level 6.5 Polearms
 + Level 0.8 Staves
 + Level 0.8 Slings
 + Level 0.8 Bows
 + Level 0.8 Crossbows
 + Level 0.8 Throwing
 + Level 0.8 Armour
 + Level 0.8 Dodging
 + Level 7.8 Stealth
 + Level 0.8 Shields
 + Level 0.8 Unarmed Combat
 + Level 0.8 Spellcasting
 + Level 0.5 Conjurations
 + Level 0.5 Hexes
 + Level 0.5 Summonings
 + Level 0.5 Necromancy
 + Level 0.5 Translocations
 + Level 0.5 Transmutations
 + Level 0.5 Fire Magic
 + Level 0.5 Ice Magic
 + Level 0.5 Air Magic
 + Level 0.5 Earth Magic
 + Level 0.5 Poison Magic
 + Level 1.0 Invocations
 + Level 0.8 Evocations


You had 3 spell levels left.
You didn't know any spells.
Your spell library was empty.

Dungeon Overview and Level Annotations

Branches:
Dungeon (2/15)

Altars:

Annotations:
D:2 Jessica


Innate Abilities, Weirdness & Mutations

Your experience applies equally to all skills.
You have very sharp teeth.
Your uncanny sense of smell can sniff out nearby items.


Message History

You don't know any spells.
The adder bites you but does no damage. x2
You climb upwards.
There is a stone staircase leading down here.
You are too injured to fight recklessly!
You are too injured to fight recklessly!
You are too injured to fight recklessly!
You are too injured to fight recklessly!
You are too injured to fight recklessly!
You hit the adder. Your bite misses the adder.
The adder is heavily wounded.
The adder bites you but does no damage.
You miss the adder.
The adder is heavily wounded.
The adder bites you.
* * * LOW HITPOINT WARNING * * *
You hit the adder.
The adder is severely wounded.
The adder bites you.
You die...

##.# ####...............#.##.
...# #.###......#.#######.##.
#..# ###.......................
...# #...........[..#######..##
#..# #.#.###........#.#...#.###
...#####.#.# #......))#...#.#...#
..÷......#.# #....###.#####.###.#
##.......#.###.S......##....#....
................@.....#..##.#..#.
##....................####..#..##
#.......#.............#...###.#.
#.......#..##.........#.#....<..
#.......#..##...........#...#.##
##.#####.#............########..#
......................#......#..#
......................#.##.#....#
...#####..#÷.###....###..#.##.###


You could see an adder.

Vanquished Creatures
  An ooze (D:1)
  A dart slug (D:1)
  3 giant cockroaches (D:1)
  5 goblins (D:1)
  4 hobgoblins (D:1)
  6 jackals (D:1)
  3 bats (D:1)
  3 frilled lizards (D:1)
  2 kobolds (D:1)
  5 rats (D:1)
33 creatures vanquished.

Notes
Turn   | Place    | Note
-------+----------+-------------------------------------------
     0 | D:1      | Almogavar the Gnoll Wanderer began the quest for the Orb.
     0 | D:1      | Almogavar set off with the following items: a +2 dagger, a
                  | scroll of fear, a potion of curing, a +0 spear, a +0 robe
     0 | D:1      | Reached XP level 1. HP: 20/20 MP: 1/1
    79 | D:1      | Reached XP level 2. HP: 26/26 MP: 2/2
   430 | D:1      | Reached XP level 3. HP: 30/31 MP: 3/3
  1086 | D:1      | Reached skill level 1 in Invocations
  1233 | D:2      | Noticed Jessica
  1255 | D:1      | Slain by an adder

Illustrated notes

Levels and vault maps discovered:
D:1:      psy_arrival_radial01, layout_basic, minmay_pentomino_p4
D:2:      layout_rooms, kennysheep_slug_shrine, uniq_jessica

Skill      XL: |  1  2  3 |
---------------+----------+-----
Invocations    | 1 |  1.0
Fighting       | |  4.5
Short Blades   | |  2.6
Long Blades    | |  0.8
Axes           | |  0.8
Maces & Flails | |  0.8
Polearms       | |  6.5
Staves         | |  0.8
Slings         | |  0.8
Bows           | |  0.8
Crossbows      | |  0.8
Throwing       | |  0.8
Armour         | |  0.8
Dodging        | |  0.8
Stealth        | |  7.8
Shields        | |  0.8
Unarmed Combat | |  0.8
Spellcasting   | |  0.8
Conjurations   | |  0.5
Hexes          | |  0.5
Summonings     | |  0.5
Necromancy     | |  0.5
Translocations | |  0.5
Transmutations | |  0.5
Fire Magic     | |  0.5
Ice Magic      | |  0.5
Air Magic      | |  0.5
Earth Magic    | |  0.5
Poison Magic   | |  0.5
Evocations     | |  0.8

Action                   || total
-------------------------++-------
Melee: Spear             ||    97
       Bite              ||     8
  Use: Scroll            ||     5
       Potion            ||     1
 Stab: Sleeping          ||    11
Armor: Robe              ||    17
Dodge: Dodged            ||    21
